 Dungeon Crawl Stone Soup version 0.31-a0-117-g42d8f58691 (webtiles) character file.

Game seed: 8326970426276647710

315 voltaire321 the Sneak (level 6, -2/35 HPs)
             Began as a Kobold Enchanter on May 30, 2023.
             Shot with an arrow by a centaur (9 damage)
             ... on level 5 of the Dungeon.
             The game lasted 00:09:34 (4238 turns).

voltaire321 the Sneak (Kobold Enchanter)            Turns: 4238, Time: 00:09:35

Health: -2/35      AC:  4    Str:  7    XL:     6   Next: 72%
Magic:  10/10      EV: 15    Int: 16    God:
Gold:   329        SH:  0    Dex: 16    Spells: 3/11 levels left

rFire   . . .        b - +1 dagger (venom)
rCold   . . .        (no shield)
rNeg    + . .        p - +2 robe {rN+}
rPois   .            (no helmet)
rElec   .            (no cloak)
rCorr   .            (no gloves)
SInv    .            (no boots)
Will    .....        (no amulet)
Stlth   ++++         (no ring)
HPRegen 0.25/turn    (no ring)
MPRegen 0.12/turn

%: no passive effects
@: invisible
A: small, no large weapons, nightstalker 3
a: no special abilities


You were on level 5 of the Dungeon.
You visited 1 branch of the dungeon, and saw 5 of its levels.

You collected 329 gold pieces.

Inventory:

Hand Weapons
 a - a +1 dagger
 b - a +1 dagger of venom (weapon)
Missiles
 i - 3 curare-tipped darts
Armour
 e - a +0 ring mail of cold resistance
 p - a +2 robe of positive energy (worn)
Scrolls
 d - a scroll of fog {unknown}
 f - 5 scrolls of identify {unknown}
 j - 2 scrolls of teleportation {unknown}
 k - 3 scrolls of immolation {unknown}
 m - 2 scrolls of amnesia {unknown}
 o - a scroll of magic mapping {unknown}
 q - a scroll of blinking {unknown}
 t - a scroll of enchant armour {unknown}
Potions
 g - a potion of haste {unknown}
 h - a potion of cancellation {unknown}
 l - a potion of mutation {unknown}
 n - 2 potions of magic {unknown}
 r - a potion of attraction {unknown}
 s - a potion of berserk rage {unknown}


   Skills:
 + Level 2.0 Fighting
 + Level 2.9 Short Blades
 + Level 1.5 Armour
 + Level 3.6 Dodging
 * Level 5.5 Stealth
 + Level 3.0 Spellcasting
 + Level 3.7 Hexes
 + Level 1.4 Ice Magic


You had 3 spell levels left.
You knew the following spells:

 Your Spells              Type           Power      Damage    Failure   Level
a - Ensorcelled Hibernat  Hex/Ice        20%        N/A       10%         2
b - Confusing Touch       Hex            14%        N/A       12%         3
c - Tukima's Dance        Hex            14%        N/A       12%         3

Your spell library contained the following spells:

 Spells                   Type           Power      Damage    Failure   Level
 Dazzling Flash           Conj/Hex       16%        N/A       26%         3
 Portal Projectile        Hex/Tloc       16%        N/A       26%         3
 Blade Hands              Tmut           1%         N/A       99%         5


Dungeon Overview and Level Annotations

Branches:
Dungeon (5/15)
 Temple: D:4-7

Altars:
Qazlal
Ru
Vehumet


Innate Abilities, Weirdness & Mutations

You are small and have problems with some larger weapons.
You are completely attuned to the shadows.


Message History

HP restored.
You see here a +0 hand axe.
You see here a +0 dagger.
Things that are here:
a +0 flail; a +0 ring mail
Found a halberd.
n - 2 murky coppery potions (gained 1)
Found a battleaxe.
A hound comes into view.
The helpless hound fails to defend itself.
You impale the hound!!
You kill the hound!
Your Fighting skill increases to level 2!
A centaur comes into view.
It is wielding a +1 whip of electrocution.
The centaur barely misses you.
The centaur kicks you but does no damage.
You hit the centaur but do no damage.
The centaur is poisoned.
The centaur hits you with a +1 whip of electrocution!
The centaur misses you.
You hit the centaur.
The centaur is moderately wounded.
The centaur misses you. The centaur closely misses you.
You hit the centaur.
The centaur looks as sick as possible!
The centaur is moderately wounded.
The centaur hits you with a +1 whip of electrocution!
You are electrocuted!
The centaur barely misses you. The centaur misses you. The centaur kicks you.
You hit the centaur but do no damage.
The centaur is heavily wounded.
The centaur hits you with a +1 whip of electrocution.
* * * LOW HITPOINT WARNING * * *
The centaur kicks you.
* * * LOW HITPOINT WARNING * * *
The centaur unwields a +1 whip of electrocution.
It stops crackling.
The centaur wields a +0 orcbow.
The centaur shoots an arrow.
The arrow completely misses you.
You fade into invisibility!
The centaur shoots an arrow.
The arrow closely misses you.
The centaur shoots an arrow.
The arrow hits you!
You die...

. #.# #.##########
####..........# #.##
........#####.# #.#.
......#.# #.#
....######.##.#####.##
.....@.....##.........
.###.#########..###.##
...c.# #.# ...... #.#
....... #.# .....#..
...##...#
....#.....#..... #####
.......... ....


You could see a centaur (unable to see you, very poisoned).

Vanquished Creatures
  A hound (D:5)
  An orc priest (D:5)
  Jessica (D:2)
  An orc wizard (D:4)
  8 adders
  An ufetubus (D:4)
  4 worms
  3 dart slugs
  7 orcs
  6 ball pythons
  8 bats
  5 endoplasms
  18 giant cockroaches
  8 goblins
  6 hobgoblins
  4 jackals (D:2)
  3 quokkas
  2 frilled lizards (D:1)
  9 kobolds
  4 rats
100 creatures vanquished.

Notes
Turn   | Place    | Note
-------+----------+-------------------------------------------
     0 | D:1      | voltaire321 the Kobold Enchanter began the quest for the
                  | Orb.
     0 | D:1      | Reached XP level 1. HP: 10/10 MP: 3/3
   145 | D:1      | Reached XP level 2. HP: 15/15 MP: 5/5
   366 | D:1      | Reached XP level 3. HP: 20/20 MP: 6/6
   381 | D:1      | Learned a level 2 spell: Ensorcelled Hibernation
  1056 | D:2      | Reached skill level 1 in Fighting
  1067 | D:2      | Found a stormy altar of Qazlal.
  1125 | D:2      | Reached XP level 4. HP: 25/25 MP: 7/7
  1334 | D:2      | Noticed Jessica
  1338 | D:2      | Killed Jessica
  1339 | D:2      | Reached skill level 5 in Stealth
  1355 | D:2      | Reached skill level 1 in Armour
  1578 | D:2      | Reached XP level 5. HP: 27/29 MP: 2/8
  1642 | D:2      | Reached skill level 1 in Ice Magic
  2790 | D:3      | Found a radiant altar of Vehumet.
  2976 | D:4      | Learned a level 3 spell: Confusing Touch
  2990 | D:4      | Learned a level 3 spell: Tukima's Dance
  3129 | D:4      | Reached XP level 6. HP: 34/34 MP: 10/10
  3324 | D:4      | Found a sacrificial altar of Ru.
  3857 | D:5      | Entered Level 5 of the Dungeon
  4238 | D:5      | Shot with an arrow by a centaur

Illustrated notes

Levels and vault maps discovered:
D:1:      dpeg_arrival_castle, layout_basic, minmay_worlds_worst_comb
D:2:      minmay_roachtagon, layout_rooms, basic_altar, uniq_jessica
D:3:      layout_basic, lemuel_tele_altar
D:4:      layout_basic, amcnicky_altar_gilded, kennysheep_pointless_box
D:5:      nicolae_cairo_tiling_large_dashed, layout_loops_ring,
          mainiacjoe_overflow_alcove_1, nicolae_overflow_hidden_temple,
          serial_shops, nicolae_shop_back_alley_shop,
          amcnicky_mini_corridor_feature

Skill      XL: |  1  2  3  4  5  6 |
---------------+-------------------+-----
Fighting       | 1 2 |  2.0
Short Blades   | 2 |  2.9
Dodging        | 3 |  3.6
Stealth        | 5 |  5.5
Armour         | 1 |  1.5
Ice Magic      | 1 |  1.4
Spellcasting   | 3 |  3.0
Hexes          | |  3.7

Action                     |  1- 3 |  4- 6 || total
---------------------------+-------+-------++-------
  Melee: Dagger            |    74 |   161 ||   235
         Punch             |       |     3 ||     3
   Cast: Ensorcelled Hiber |     5 |    19 ||    24
    Use: Potion            |       |     2 ||     2
   Stab: Sleeping          |    28 |    39 ||    67
         Distracted        |       |     1 ||     1
         Invisible         |       |     1 ||     1
 Armour: Robe              |    15 |    20 ||    35
  Dodge: Dodged            |    50 |   126 ||   176

Table legend: (Time is in decaauts)
 A = Elapsed time spent in this place.
 B = Non-inter-level travel time spent in this place.
 C = Inter-level travel time spent in this place.
 D = Time resting spent in this place.
 E = Time spent auto-exploring this place.
 F = Levels seen in this place.
 G = Mean time per level.
                   A        B        C        D        E       F      G
               +--------+--------+--------+--------+--------+-----+--------+
         Total |   4220 |   4104 |    116 |    521 |   2782 |   5 |  844.0 |
       Dungeon |   4220 |   4104 |    116 |    521 |   2782 |   5 |  844.0 |
               +--------+--------+--------+--------+--------+-----+--------+

Top non-repeatable levels by time:
     D:1: 1028 daAuts
     D:2: 998 daAuts
     D:3: 935 daAuts
     D:4: 881 daAuts
     D:5: 377 daAuts
